 Dungeon Crawl Stone Soup version 0.25.1-9-gc5326a611f (webtiles) character file.

Game seed: 3193919937626767048

37 Revguard the Vexing (level 3, -9/24 HPs)
             Began as a Demonspawn Enchanter on Jan 28, 2021.
             Killed from afar by Ijyb (13 damage)
             ... with a puff of flame
             ... on level 2 of the Dungeon.
             The game lasted 00:03:15 (2016 turns).

Revguard the Vexing (Demonspawn Enchanter)          Turns: 2016, Time: 00:03:16

Health: -9/24      AC:  7    Str:  9    XL:     3   Next: 23%
Magic:  6/6        EV:  8    Int: 16    God:
Gold:   9          SH:  0    Dex: 13    Spells: 3/6 levels left

rFire    . . .     SeeInvis .   g - +0 short sword (venom)
rCold    . . .     Gourm    .   (no shield)
rNeg     . . .     Faith    .   e - +0 scale mail
rPois    .         Spirit   .   (no helmet)
rElec    .         Reflect  .   (no cloak)
rCorr    .         Harm     .   (no gloves)
MR       .....                  (no boots)
Stlth    +.........             (no amulet)
HPRegen  0.08/turn              (no ring)
MPRegen  0.10/turn              (no ring)

@: no status effects
A: rugged brown scales 1
a: no special abilities


You were on level 2 of the Dungeon.
You were hungry.

You visited 1 branch of the dungeon, and saw 2 of its levels.

You collected 9 gold pieces.

Inventory:

Hand Weapons
 a - a +1 dagger
 g - a +0 short sword of venom (weapon)
Armour
 b - a +0 robe
 e - a +0 scale mail (worn)
Jewellery
 k - an uncursed ring of flight {unknown}
Scrolls
 c - 3 scrolls of teleportation {unknown}
 f - a scroll of identify {unknown}
 i - a scroll of immolation {unknown}
 j - a scroll of fear {unknown}
Potions
 l - a potion of degeneration {unknown}
Comestibles
 d - 3 rations
 h - 4 chunks of flesh


   Skills:
 + Level 0.2 Fighting
 + Level 0.8 Short Blades
 * Level 0.5 Armour
 + Level 2.0 Dodging
 - Level 3.0 Stealth
 * Level 2.2 Spellcasting
 * Level 3.5 Hexes
 * Level 0.3 Ice Magic


You had 3 spell levels left.
You knew the following spells:

 Your Spells              Type           Power        Failure   Level  Hunger
a - Corona                Hex            ##.....      38%         1    #......
b - Ensorcelled Hibernat  Hex/Ice        #.....       75%         2    ###....

Your spell library contained the following spells:

 Spells                   Type           Power        Failure   Level  Hunger
 Confusing Touch          Hex            ##......     77%         3    ###....
 Tukima's Dance           Hex            ##......     77%         3    ###....
 Dazzling Flash           Conj/Hex       #.....       94%         3    ###....


Dungeon Overview and Level Annotations

Branches:
Dungeon (2/15)

Altars:

Annotations:
D:2 Ijyb


Innate Abilities, Weirdness & Mutations

You are partially covered in rugged brown scales. (AC +1, +3% HP)


Message History

Ijyb hits you but does no damage. x2
Your magical contamination has completely faded away.
You hit Ijyb.
Ijyb is poisoned.
Ijyb is moderately wounded.
Ijyb zaps a wand.
The puff of flame misses you.
You hit Ijyb but do no damage.
Ijyb looks as sick as possible!
Ijyb is moderately wounded.
Ijyb stops glowing.
Ijyb hits you but does no damage.
You hit Ijyb.
Ijyb is heavily wounded.
Ijyb zaps a wand.
The puff of flame hits you.
You closely miss Ijyb.
Ijyb is severely wounded.
Ijyb zaps a wand.
The puff of flame hits you.
* * * LOW HITPOINT WARNING * * *
You closely miss Ijyb.
Ijyb is severely wounded.
Ijyb zaps a wand.
The puff of flame hits you!
Ouch! That really hurt!
You die...

#.#.#######
#.#.......#
#.#######.############
.....................#
#.#.#####.#######....
#...#####.# ...
....##....# #.#
..#....#..########.##
.........(....))@g.$#
....##############..#
##### .8.....
g.....#### ....g...#
g..g....# .g......#
........#


You could see Ijyb (very poisoned).

Vanquished Creatures
  An ooze (D:1)
  3 dart slugs
  A leopard gecko (D:1)
  A giant cockroach (D:1)
  7 goblins
  A hobgoblin (D:1)
  A ball python (D:1)
  2 bats (D:1)
  2 frilled lizards (D:1)
  5 kobolds (D:1)
  2 rats (D:1)
26 creatures vanquished.

Notes
Turn   | Place    | Note
-------+----------+-------------------------------------------
     0 | D:1      | Revguard the Demonspawn Enchanter began the quest for the
                  | Orb.
     0 | D:1      | Reached XP level 1. HP: 13/13 MP: 3/3
   676 | D:1      | Gained mutation: You are partially covered in rugged brown
                  | scales. (AC +1, +3% HP) [demonic ancestry]
   676 | D:1      | Reached XP level 2. HP: 7/19 MP: 5/5
  1379 | D:1      | Learned a level 2 spell: Ensorcelled Hibernation
  1908 | D:2      | Reached XP level 3. HP: 24/24 MP: 6/6
  1973 | D:2      | Noticed Ijyb
  2016 | D:2      | Killed from afar by Ijyb

Illustrated notes

Levels and vault maps discovered:
D:1:      dpeg_arrival_simpleton_b, layout_loops_ring, st_stairs_12,
          kennysheep_small_spiral, minmay_misc_feat_ornament
D:2:      kennysheep_the_goblin_king, layout_basic,
          lemuel_coloured_pillars_altar, chequers_ecumenical_altar_twisty,
          first_ration, minmay_bisected

Skill      XL: |  1  2 |
---------------+-------+-----
Dodging        | 2 |  2.0
Stealth        | 3 |  3.0
Fighting       | |  0.2
Short Blades   | |  0.8
Armour         | |  0.5
Spellcasting   | |  2.2
Hexes          | |  3.5
Ice Magic      | |  0.3

Action                   || total
-------------------------++-------
Melee: Dagger            ||    54
       Short sword       ||    56
 Cast: Corona            ||     3
  Eat: Chunk             ||     3
Armor: Scale mail        ||    54
Dodge: Dodged            ||    45
